 Dungeon Crawl Stone Soup version 0.20-a0-1015-g2ec8a95 (webtiles) character file.

100 mopl the Sneak (level 4, 0/37 HPs)
             Began as a Deep Elf Assassin on Apr 15, 2017.
             Succumbed to an adder's poison
             ... on level 3 of the Dungeon.
             The game lasted 00:03:44 (2376 turns).

mopl the Sneak (Deep Elf Assassin)                  Turns: 2376, Time: 00:03:46

Health: 0/37       AC: 22    Str:  8    XL:     4   Next: 46%
Magic:  6/6        EV:  2    Int: 16    God:
Gold:   69         SH:  0    Dex: 17    Spells: 3/3 levels left

rFire    . . .     SeeInvis .   b - +0 blowgun
rCold    . . .     Gourm    .   (no shield)
rNeg     + + +     Faith    .   (armour currently unavailable)
rPois    +         Spirit   .   (helmet currently unavailable)
rElec    .         Reflect  .   (cloak currently unavailable)
rCorr    .         Harm     .   (gloves currently unavailable)
MR       +....     NoTele   +   (boots currently unavailable)
Stlth    +++.......             (no amulet)
Regen    0.2/turn               u - ring of protection from magic
MPRegen  0.1/turn               (no ring)

@: lethally poisoned (0 -> -5), tree-form, hasted, very quick
A: no striking features
a: no special abilities


You were on level 3 of the Dungeon.
You were hungry.
You were a tree.
You visited 1 branch of the dungeon, and saw 4 of its levels.

You collected 69 gold pieces.

Inventory:

Hand Weapons
 a - a +2 dagger
 b - a +0 blowgun (weapon)
Missiles
 e - 6 poisoned needles (quivered)
 f - 2 curare-tipped needles
 k - 7 javelins
 q - 5 needles of confusion
Armour
 c - a +0 robe (melded)
 d - a +0 cloak (melded)
Jewellery
 s - an uncursed ring of ice
 u - a ring of protection from magic (left branch)
Scrolls
 l - 2 scrolls of blinking {unknown}
 m - a scroll of enchant weapon {unknown}
 n - 2 scrolls of identify {unknown}
 p - a scroll of magic mapping {unknown}
 r - 2 scrolls of teleportation {unknown}
 t - a scroll of fear {unknown}
 v - a scroll of remove curse {unknown}
 y - a scroll of random uselessness {unknown}
Potions
 i - a potion of haste
 w - a potion of invisibility {unknown}
 x - a potion of curing {unknown}
 z - a potion of agility {unknown}
Comestibles
 g - 3 bread rations
 h - 2 fruits
 j - a royal jelly


   Skills:
 - Level 1.5 Fighting
 + Level 2.8 Short Blades
 + Level 2.8 Throwing
 - Level 1.2 Dodging
 * Level 6.4 Stealth


You had 3 spell levels left.
You didn't know any spells.

Dungeon Overview and Level Annotations

Branches:
Dungeon (4/15)
 Temple: D:4-7

Altars:
Cheibriados
Elyvilon
Hepliaklqana


Message History

The adder is heavily wounded.
* * * LOW HITPOINT WARNING * * *
You feel sick. The adder completely misses you.
Unknown command.
Firing (i - inventory. (,) - cycle):
e - 7 poisoned needles (quivered)
Press: ? - help, Shift-Dir - straight line, f/p - adder
Aim: an adder (heavily wounded, poisoned)
You shoot a poisoned needle. The poisoned needle hits the adder.
The adder looks even sicker.
The adder is heavily wounded.
* * * LOW HITPOINT WARNING * * *
You feel sick. The adder barely misses you. The adder bites you.
* * * LOW HITPOINT WARNING * * *
Unknown command.
It was a potion of haste.
You feel yourself speed up. The adder bites you but does no damage.
It was a potion of lignification.
You turn into a tree.
Your +0 cloak melds into your body.
Your +0 robe melds into your body.
Your roots penetrate the ground.
You die...

#######
#<....#.#
###♣....#
#S#.#.#
#.# # #.#
#.# #.#
..# ###


You could see an adder.

Vanquished Creatures
  3 gnolls (D:2)
  2 adders (D:2)
  An ooze (D:1)
  2 worms
  2 dart slugs (D:2)
  A leopard gecko (D:1)
  An orc (D:3)
  A giant cockroach (D:1)
  7 goblins
  4 hobgoblins (D:1)
  2 kobolds (D:1)
  9 bats
  6 rats
41 creatures vanquished.

Notes
Turn   | Place    | Note
-------+----------+-------------------------------------------
     0 | D:1      | mopl the Deep Elf Assassin began the quest for the Orb.
     0 | D:1      | Reached XP level 1. HP: 12/12 MP: 3/3
    21 | D:1      | Reached skill level 5 in Stealth
   226 | D:1      | Reached XP level 2. HP: 12/16 MP: 4/4
   843 | D:1      | Reached XP level 3. HP: 16/20 MP: 5/5
  1259 | D:2      | Reached skill level 6 in Stealth
  1369 | D:2      | Found a snail-covered altar of Cheibriados.
  1417 | D:2      | You fall through a shaft for 2 floors!
  1585 | D:3      | Reached XP level 4. HP: 23/25 MP: 6/6
  1768 | D:2      | Found a faded altar of an unknown god.
  2209 | D:2      | Found a white marble altar of Elyvilon.
  2209 | D:2      | Found a hazy altar of Hepliaklqana.
  2374 | D:3      | HP: 1/25 [adder (2)]
  2376 | D:3      | Succumbed to an adder's poison

Vault maps used:
D:1:      lightli_arrival_chessboard
D:2:      kennysheep_slug_shrine, amethyst_overflow_temple_binary, first_bread,
          chequers_ecumenical_altar_simple
D:4:      uniq_duvessa, uniq_grinder

Skill      XL: |  1  2  3 |
---------------+----------+-----
Stealth        | 5 6 |  6.4
Fighting       | |  1.5
Short Blades   | |  2.8
Throwing       | |  2.8
Dodging        | |  1.2

Action                   |  1- 3 |  4- 6 || total
-------------------------+-------+-------++-------
Melee: Dagger            |    97 |    47 ||   144
 Fire: Blowgun           |    10 |    18 ||    28
  Use: Potion            |       |     2 ||     2
 Stab: Sleeping          |     5 |     2 ||     7
  Eat: Chunk             |     2 |     2 ||     4
Armor: Robe              |    25 |    11 ||    36
Dodge: Dodged            |    53 |    46 ||    99
